AoeStats
← Party Cannon

Arena

510106444Analyzed
4v4 RM · 4d ago on Sep 29, 2026· 49m 7s· 8 players
Game mode
Random Map
Map size
Large (8 player)
Population
200
Speed
Normal
Resources
Standard
Victory
Conquest
Starting age
Dark Age
Ending age
Imperial Age
RankedLock teamsTeams togetherTeam positionsShared explorationLock speedFull tech treeHidden civsTurbo modeCheats
Victory
Defeat
🇨🇳 Franks · China
1273
+12
🇨🇳 Vietnamese · China
1219
+14
🇺🇸 Georgians · United States
1186
+16
🇨🇳 Turks · China
1146
+17
🇹🇼 Persians · Taiwan
1284
-18
🇹🇼 Saxons · Taiwan
1253
-18
🇹🇼 Malians · Taiwan
1100
-12
🇹🇼 Turks · Taiwan
1094
-11
梨子假蘋果
11:01 Feudal Age
11:53 Feudal Age
15:51 Castle Age
15:00 Double-Bit Axe
15:04 Horse Collar
23:36 Heavy Plow
23:50 Bow Saw
24:42 Gold Mining
25:37 Wheelbarrow
24:49 Loom
26:50 Hand Cart
27:14 Gold Shaft Mining
26:30 Stone Mining
27:34 Husbandry
27:46 Bloodlines
29:43 Town Watch
33:00 Imperial Age
31:44 Scale Barding Armor
31:50 Forging
32:56 Chain Barding Armor
33:18 Cavalier
34:45 Iron Casting
34:07 Loom
34:23 Town Patrol
35:44 Plate Barding Armor
34:59 Savar
37:39 Blast Furnace
37:36 Light Cavalry
38:48 Hussar
40:01 Conscription
pokemonmastersoji
8:41 Loom
11:13 Feudal Age
15:51 Castle Age
14:11 Double-Bit Axe
14:45 Horse Collar
15:39 Gold Mining
19:23 Scale Mail Armor
27:23 Bow Saw
27:16 Heavy Plow
32:59 Imperial Age
33:32 Chain Mail Armor
33:24 Scale Barding Armor
33:30 Forging
40:04 Chemistry
38:41 Pikeman
39:22 Squires
39:55 Plate Mail Armor
40:52 Murder Holes
無際
10:37 Feudal Age
12:29 Loom
15:03 Castle Age
13:13 Double-Bit Axe
13:13 Horse Collar
14:10 Stone Mining
17:01 Bow Saw
24:08 Gold Mining
25:12 Wheelbarrow
25:45 Gambesons
26:00 Squires
25:46 Arson
26:03 Scale Mail Armor
26:14 Forging
27:00 Chain Mail Armor
27:02 Hand Cart
26:39 Pikeman
28:45 Iron Casting
27:39 Crossbowman
28:11 Fletching
28:23 Padded Archer Armor
29:15 Thumb Ring
30:22 Bodkin Arrow
31:27 Leather Archer Armor
31:38 Ballistics
31:19 Murder Holes
33:31 Masonry
40:39 Imperial Age
38:25 Treadmill Crane
38:56 Fortified Wall
40:56 Halberdier
41:39 Bracer
41:15 Arbalester
42:32 Ring Archer Armor
42:39 Conscription
43:35 Chemistry
42:48 Shield Wall
44:01 Plate Mail Armor
45:24 Architecture
a27589682000
10:44 Feudal Age
14:56 Castle Age
13:25 Double-Bit Axe
14:18 Horse Collar
16:31 Bow Saw
21:11 Loom
24:40 Imperial Age
22:43 Heavy Plow
26:03 Stone Mining
Party Cannon
11:30 Feudal Age
13:05 Double-Bit Axe
16:00 Castle Age
13:45 Horse Collar
15:28 Wheelbarrow
15:45 Stone Mining
15:48 Gold Mining
21:10 Bow Saw
21:19 Heavy Plow
23:48 Scale Barding Armor
24:26 Hand Cart
24:57 Husbandry
25:54 Loom
25:54 Town Watch
26:58 Chain Barding Armor
27:40 Forging
27:49 Bloodlines
31:57 Imperial Age
32:18 Iron Casting
32:20 Treadmill Crane
33:01 Ballistics
32:02 Elite Monaspa
33:26 Plate Barding Armor
33:45 Conscription
34:55 Blast Furnace
34:04 Aznauri Cavalry
34:59 Crop Rotation
33:59 Light Cavalry
35:42 Stone Shaft Mining
35:00 Fletching
37:17 Chemistry
36:23 Siege Engineers
36:33 Hussar
37:37 Bodkin Arrow
41:43 Capped Ram
44:35 Siege Ram
46:27 Svan Towers
46:15 Guard Tower
46:11 Arrowslits
46:37 Bracer
47:54 Keep
47:15 Murder Holes
飘雪
9:39 Feudal Age
14:53 Castle Age
15:57 Double-Bit Axe
17:23 Gold Mining
22:15 Scale Mail Armor
22:41 Forging
24:21 Chain Mail Armor
28:51 Iron Casting
28:04 Arson
36:49 Gold Shaft Mining
36:07 Stone Mining
38:16 Bow Saw
39:52 Wheelbarrow
39:40 Ordonnance Companies
44:10 Imperial Age
42:51 Loom
46:00 Elite Throwing Axeman
47:01 Conscription
48:02 Blast Furnace
47:32 Plate Mail Armor
47:06 Squires
qiufen40
10:57 Feudal Age
15:29 Castle Age
13:55 Double-Bit Axe
14:07 Horse Collar
16:40 Loom
17:35 Bow Saw
17:27 Heavy Plow
23:21 Wheelbarrow
23:15 Gold Mining
24:26 Stone Mining
25:36 Hand Cart
26:46 Town Watch
28:07 Forging
27:57 Scale Mail Armor
28:05 Scale Barding Armor
30:54 Imperial Age
29:45 Stone Shaft Mining
30:00 Iron Casting
29:15 Fletching
29:27 Padded Archer Armor
30:26 Bloodlines
30:16 Husbandry
31:45 Chatras
31:09 Elite Battle Elephant
32:33 Chain Barding Armor
32:08 Bodkin Arrow
33:26 Chemistry
33:48 Bodkin Arrow
34:09 Leather Archer Armor
34:38 Plate Barding Armor
34:19 Leather Archer Armor
37:21 Ring Archer Armor
36:46 Bodkin Arrow
39:05 Paper Money
42:33 Bracer
42:33 Scale Mail Armor
44:48 Chain Mail Armor
44:38 Elite Rattan Archer
48:34 Town Patrol
48:57 Bombard Tower
48:58 Ballistics
48:19 Treadmill Crane
48:49 Masonry
48:35 Murder Holes
48:45 Siege Engineers
大清第一巴图鲁
5:35 Loom
11:19 Feudal Age
15:58 Castle Age
14:26 Gold Mining
14:46 Double-Bit Axe
18:29 Horse Collar
24:12 Imperial Age
28:28 Bow Saw
38:07 Wheelbarrow
38:47 Heavy Plow
43:34 Two-Man Saw
43:44 Hand Cart
43:43 Heavy Scorpion
48:38 Town Watch
Connection lost

Rejoining the realm…

Still unreachable

The connection could not be restored.

Session expired

The server has moved on; the page needs a fresh start.